 Dungeon Crawl Stone Soup version 0.30.1 (webtiles) character file.

Game seed: 9273380745072558869

4340 Morbidden the Grappler (level 10, 0/93 HPs)
             Began as a Troll Fighter on July 1, 2023.
             Was a Follower of Uskayaw.
             Slain by a killer bee (5 damage)
             ... on level 8 of the Dungeon.
             The game lasted 00:07:22 (6024 turns).

Morbidden the Grappler (Troll Fighter)              Turns: 6024, Time: 00:07:22

Health: 0/93       AC:  5    Str: 30    XL:     10   Next: 12%
Magic:  4/10       EV:  9    Int:  4    God:    Uskayaw [*.....]
Gold:   308        SH: 13    Dex:  9    Spells: 9/9 levels left

rFire   . .          .
                       - Unarmed
rCold   + . .        b - +0 kite shield
rNeg    . . .        p - +0 robe {Will+}
rPois   .            (helmet restricted)
rElec   .            q - +0 cloak
rCorr   +            (gloves unavailable)
SInv    .            (boots unavailable)
Will    +....        C - amulet of reflection
Stlth   +            o - ring of protection from cold
HPRegen 1.15/turn    E - ring of resist corrosion
MPRegen 0.12/turn

%: reflection
@: lethally poisoned (0 -> -11)
A: large, unfitting armour, claws 3, regeneration 1, shaggy fur 1, tough skin 1
a: Renounce Religion, Stomp


You were on level 8 of the Dungeon.
You worshipped Uskayaw.
Uskayaw was noncommittal.
You visited 2 branches of the dungeon, and saw 9 of its levels.

You collected 398 gold pieces.
You spent 90 gold pieces at shops.

Inventory:

Missiles
 j - 70 stones
 m - 24 poisoned darts
 r - a boomerang (quivered)
 v - 2 boomerangs of dispersal
Armour
 b - a +0 kite shield (worn)
 p - a +0 robe of willpower (worn)
 q - a +0 cloak (worn)
Jewellery
 o - a ring of protection from cold (left claw)
 C - an amulet of reflection (around neck)
 E - a ring of resist corrosion (right claw)
 M - a ring of protection from cold
Wands
 s - a wand of charming (4)
 B - a wand of polymorph (11)
 G - a wand of flame (48)
Scrolls
 a - 2 scrolls of silence {unknown}
 d - 9 scrolls of identify {unknown}
 e - a scroll of brand weapon {unknown}
 g - 3 scrolls of teleportation {unknown}
 h - 3 scrolls of blinking {unknown}
 l - a scroll of acquirement {unknown}
 t - a scroll of fog {unknown}
 u - 2 scrolls of vulnerability {unknown}
 w - 2 scrolls of enchant weapon {unknown}
 x - a scroll of amnesia {unknown}
 y - 2 scrolls of immolation {unknown}
 D - 2 scrolls of torment {unknown}
 F - a scroll of noise {unknown}
 K - a scroll of enchant armour {unknown}
 N - a scroll of fear {unknown}
 O - a scroll of poison {unknown}
Potions
 c - 2 potions of might
 f - a potion of attraction {unknown}
 i - 2 potions of curing {unknown}
 k - 4 potions of flight {unknown}
 n - a potion of heal wounds {unknown}
 z - 2 potions of invisibility {unknown}
 A - a potion of berserk rage {unknown}
 H - a potion of mutation {unknown}
 I - 3 potions of haste {unknown}
 J - 2 potions of magic {unknown}
 L - a potion of resistance {unknown}


   Skills:
 * Level 4.2 Fighting
 * Level 3.6 Throwing
 * Level 3.6 Armour
 * Level 4.6 Dodging
 + Level 1.3 Stealth
 * Level 5.5 Shields
 * Level 8.9 Unarmed Combat
 * Level 2.6 Invocations
 * Level 3.0 Evocations


You had 9 spell levels left.
You didn't know any spells.
Your spell library contained the following spells:

 Spells                   Type           Power      Damage    Failure   Level
 Magic Dart               Conj           0%         1d3       71%         1
 Call Imp                 Summ           0%         N/A       83%         2
 Mephitic Cloud           Conj/Pois/Air  0%         N/A       97%         3
 Ozocubu's Armour         Ice            0%         N/A       97%         3
 Metabolic Englaciation   Hex/Ice        0%         N/A       100%        5
 Simulacrum               Ice/Necr       0%         N/A       100%        6


Dungeon Overview and Level Annotations

Branches:
Dungeon (8/15)             Temple (1/1) D:5
   Lair: D:8-11

Altars:
Ashenzari
Cheibriados
Dithmenos
Elyvilon
Fedhas
Gozag
Hepliaklqana
Kikubaaqudgha
Makhleb
Nemelex Xobeh
Qazlal
Ru
Sif Muna
Trog
Uskayaw
Vehumet
Wu Jian
Xom
Yredelemnul
Zin
The Shining One

Shops:
D:2 *


Innate Abilities, Weirdness & Mutations

You are too large for most types of armour.
You have claws for hands.
Your natural rate of healing is unusually fast.
You are covered in fur. (AC +1)
You have tough skin. (AC +1)


Message History

You are more poisoned.
The killer bee poisons you!
You can now stomp with the beat.
Unknown command.
You stomp with the beat, sending a shockwave through the revellers around you!
The killer bee is severely wounded. x2
The killer bee is almost dead.
You can no longer stomp with the beat.
You feel very sick. The killer bee stings you.
You are more poisoned.
The killer bee poisons you! The killer bee stings you.
* * * LOW HITPOINT WARNING * * *
You block the killer bee's attack. The killer bee completely misses you.
The killer bee barely misses you. The killer bee stings you.
* * * LOW HITPOINT WARNING * * *
You can now stomp with the beat.
Unknown command.
Unknown command.
You barely miss the killer bee.
The killer bee is almost dead.
* * * LOW HITPOINT WARNING * * *
You feel extremely sick. The killer bee stings you.
* * * LOW HITPOINT WARNING * * *
The killer bee misses you. The killer bee closely misses you.
The killer bee completely misses you.
The killer bee stings you but does no damage.
You block the killer bee's attack.
Unknown command.
You barely miss the killer bee.
The killer bee is severely wounded.
* * * LOW HITPOINT WARNING * * *
You feel very sick. The killer bee stings you.
* * * LOW HITPOINT WARNING * * *
The killer bee closely misses you.
The killer bee stings you but does no damage. x2
You block the killer bee's attack. The killer bee stings you.
You die...

# ..# ..###
#########....#. ..
..........#.#.####..
#.yy.......#. .....
#.@y.........##..#
###.#.......##....#
#...#.......##....# .
#.#.........###...#..
...#.........##....#.#
###
#.....###..#.##.#..
#.....# ##..>##.#..
#.....# ######.#.#
#####.# ###.#..


You could see 3 killer bees.

Vanquished Creatures
  Grinder (D:5)
  5 yaks (D:8)
  2 steam dragons
  Menkaure (D:7)
  Edmund (D:5)
  Duvessa (D:7)
  A black bear (D:7)
  2 orc warriors
  3 sky beasts
  5 ice beasts
  2 centaurs
  3 phantoms
  A kobold brigand (D:6)
  Blork the orc (D:5)
  2 scorpions
  3 wights (D:6)
  Dowan (D:7)
  A killer bee (D:8)
  A hound (D:5)
  5 orc priests
  A jelly (D:5)
  A gnoll bouda (D:6)
  9 iguanas
  4 orc wizards
  Ijyb (D:3)
  2 sleepcaps (D:6)
  7 adders
  11 gnolls
  A shadow imp (D:6)
  5 white imps
  An ufetubus (D:6)
  2 worms
  4 dart slugs
  15 orcs
  6 ball pythons
  3 endoplasms
  4 giant cockroaches
  4 goblins
  6 hobgoblins
  7 jackals
  12 kobolds
  3 quokkas
  4 bats
  3 frilled lizards
  3 rats
  A spectral kobold (D:7)
162 creatures vanquished.

Vanquished Creatures (others)
  A wizard (D:4)
  An orc (D:7)
2 creatures vanquished.

Grand Total: 164 creatures vanquished

Notes
Turn   | Place    | Note
-------+----------+-------------------------------------------
     0 | D:1      | Morbidden the Troll Fighter began the quest for the Orb.
     0 | D:1      | Reached XP level 1. HP: 22/22 MP: 0/0
   238 | D:1      | Reached XP level 2. HP: 29/29 MP: 1/1
   843 | D:2      | Found a shimmering altar of Xom.
   861 | D:2      | Reached XP level 3. HP: 35/36 MP: 2/2
  1009 | D:2      | Found Mecsaf's Assorted Antiques.
  1029 | D:2      | Bought a shiny gilded ring for 90 gold pieces
  1435 | D:3      | Reached XP level 4. HP: 37/44 MP: 3/3
  1436 | D:3      | Reached skill level 3 in Unarmed Combat
  1603 | D:3      | Found a sacrificial altar of Ru.
  1603 | D:3      | Noticed Ijyb
  1612 | D:3      | Killed Ijyb
  1613 | D:3      | Reached skill level 1 in Armour
  1613 | D:3      | Reached XP level 5. HP: 52/52 MP: 4/4
  1858 | D:3      | Found a glowing golden altar of the Shining One.
  2033 | D:3      | Found a faded altar of an unknown god.
  2264 | D:4      | Found an opulent altar of Gozag.
  2417 | D:4      | Reached skill level 4 in Unarmed Combat
  2596 | D:4      | Found a bloodstained altar of Trog.
  2597 | D:4      | Noticed a wizard
  2602 | D:4      | Killed a wizard
  2673 | D:5      | Entered Level 5 of the Dungeon
  2680 | D:4      | Reached XP level 6. HP: 55/59 MP: 5/5
  2859 | D:5      | Noticed Grinder
  2860 | D:5      | Reached skill level 1 in Throwing
  2872 | D:5      | Killed Grinder
  2873 | D:5      | Reached skill level 5 in Unarmed Combat
  2873 | D:5      | Reached XP level 7. HP: 36/67 MP: 6/6
  2888 | D:5      | Identified the +6 spear "Nomumong" {antimagic, rElec rPois}
  2923 | D:5      | Reached skill level 1 in Evocations
  2958 | D:5      | Noticed Edmund
  2969 | D:5      | Killed Edmund
  2990 | D:5      | Found a white marble altar of Elyvilon.
  3205 | D:5      | Reached skill level 6 in Unarmed Combat
  3205 | D:5      | Reached XP level 8. HP: 65/75 MP: 7/7
  3250 | D:5      | Found a basalt altar of Yredelemnul.
  3406 | D:5      | Noticed Blork the orc
  3416 | D:5      | Killed Blork the orc
  3563 | D:5      | Found a staircase to the Ecumenical Temple.
  3627 | Temple   | Entered the Ecumenical Temple
  3655 | Temple   | Became a worshipper of Uskayaw the Reveller
  3742 | D:6      | Reached * piety under Uskayaw
  3745 | D:6      | Reached ** piety under Uskayaw
  3810 | D:6      | Reached *** piety under Uskayaw
  3868 | D:6      | Reached skill level 7 in Unarmed Combat
  3948 | D:6      | Reached skill level 1 in Invocations
  4118 | D:6      | HP: 2/75 [gnoll/+0 spear[a gnoll bouda] (4)]
  4529 | D:6      | Reached XP level 9. HP: 83/83 MP: 7/9
  4556 | D:6      | Found a sparkling altar of Nemelex Xobeh.
  4566 | D:6      | Reached **** piety under Uskayaw
  4830 | D:7      | Reached skill level 5 in Shields
  4868 | D:7      | Reached skill level 8 in Unarmed Combat
  5050 | D:7      | Reached skill level 1 in Stealth
  5287 | D:7      | Found a hazy altar of Hepliaklqana.
  5314 | D:7      | Noticed Menkaure
  5319 | D:7      | Killed Menkaure
  5406 | D:7      | Noticed Duvessa
  5409 | D:7      | Noticed Dowan
  5415 | D:7      | Killed Duvessa
  5427 | D:7      | Killed Dowan
  5859 | D:8      | Reached XP level 10. HP: 42/92 MP: 10/10
  5862 | D:8      | Reached ***** piety under Uskayaw
  5979 | D:8      | Found a shimmering altar of Xom.
  6024 | D:8      | Slain by a killer bee

Illustrated notes

Levels and vault maps discovered:
D:1:      doesnt_arrival_eight_statues, layout_basic
D:2:      layout_basic, serial_shops, shop, serial_glass, glass_columns_a,
          glass_columns_c, basic_altar
D:3:      layout_basic, lemuel_round_altar, mainiacjoe_overflow_catwalk,
          shapermc_ecumenical_altar_pompeii, uniq_ijyb
D:4:      layout_rooms, lemuel_coloured_pillars_altar, trog_wizard
D:5:      layout_basic, yredelemnul_altar_generic,
          nicolae_overflow_crystal_walls, minmay_temple_entry_statues,
          chequers_serial_rivers_room_a, uniq_blork_the_orc, uniq_grinder,
          uniq_edmund
D:6:      layout_loops_cross, nemelex_xobeh_ov_fountains_minmay,
          nicolae_hexahallways
D:7:      layout_basic, nicolae_hepliaklqana_monster_ancestors, minivault_5,
          uniq_duvessa, uniq_menkaure
D:8:      layout_basic, mainiacjoe_overflow_small_starburst, serial_shops, shop,
          serial_park_tiny_pond
Temple:   hellmonk_temple_two_chambers

Skill      XL: |  1  2  3  4  5  6  7  8  9 10 |
---------------+-------------------------------+-----
Shields        | 3 4 5 |  5.5
Unarmed Combat | 3 4 5 6 7 8 |  8.9
Armour         | 1 2 3 |  3.6
Dodging        | 3 4 |  4.6
Throwing       | 1 2 3 |  3.6
Fighting       | 3 4 |  4.2
Evocations     | 1 2 3 |  3.0
Invocations    | 1 2 |  2.6
Stealth        | 1 |  1.3

Action                     |  1- 3 |  4- 6 |  7- 9 | 10-12 || total
---------------------------+-------+-------+-------+-------++-------
  Melee: Unarmed           |   126 |   130 |   234 |    17 ||   507
  Throw: Stone             |       |     3 |     7 |       ||    10
         Boomerang         |       |       |     2 |       ||     2
 Invoke: Stomp             |       |       |     5 |     2 ||     7
         Line Pass         |       |       |     1 |       ||     1
  Evoke: Wand              |       |       |     1 |       ||     1
   Stab: Sleeping          |     1 |       |     3 |       ||     4
         Paralysed         |       |       |    11 |       ||    11
 Armour: Robe              |    37 |    34 |    27 |     7 ||   105
  Dodge: Dodged            |    34 |    44 |    66 |    14 ||   158
  Block: Kite shield       |    43 |    44 |   126 |    14 ||   227
         Reflection        |       |       |     4 |       ||     4
